 Dungeon Crawl Stone Soup version 0.21.1-1-g345015f (webtiles) character file.

314 Mirai the Conjurer (level 6, -4/35 HPs)
             Began as a Deep Elf Conjurer on Feb 19, 2018.
             Slain by a gnoll
             ... wielding a cursed -1 club
              (5 damage)
             ... on level 5 of the Dungeon.
             The game lasted 00:07:54 (1581 turns).

Mirai the Conjurer (Deep Elf Conjurer)              Turns: 1581, Time: 00:07:55

Health: -4/35      AC:  3    Str:  2 (5)  XL:     6   Next: 19%
Magic:  0/15       EV:  7    Int: 21 (22) God:
Gold:   104        SH:  0    Dex: 13 (15) Spells: 3/14 levels left

rFire    . . .     SeeInvis .   q - -1 short sword (curse)
rCold    . . .     Gourm    .   (no shield)
rNeg     . . .     Faith    .   a - +0 robe
rPois    .         Spirit   .   (no helmet)
rElec    .         Reflect  .   (no cloak)
rCorr    .         Harm     .   e - +0 pair of gloves
MR       .....                  (no boots)
Stlth    ++........             (no amulet)
HPRegen  0.11/turn              (no ring)
MPRegen  0.14/turn              (no ring)

@: held
A: no striking features
a: no special abilities


You were on level 5 of the Dungeon.
You were not hungry.

You visited 1 branch of the dungeon, and saw 5 of its levels.

You collected 104 gold pieces.

Inventory:

Hand Weapons
 h - a +0 dagger
 j - a +2 scimitar
 q - a cursed -1 short sword (weapon)
Armour
 a - a +0 robe (worn)
 e - a +0 pair of gloves (worn)
 f - a cursed +0 robe
 i - a +0 robe
 k - a +0 robe
 o - a +0 leather armour
Scrolls
 d - 3 scrolls of identify
 l - a scroll of remove curse
 m - a scroll of amnesia
Books
 b - a book of Conjurations

   Spells                             Type                      Level
   a - Magic Dart                     Conjuration                  1
   b - Searing Ray                    Conjuration                  2
   c - Dazzling Spray                 Conjuration/Hexes            3
   d - Fulminant Prism                Conjuration/Hexes            4
   e - Force Lance                    Conjuration/Translocation    4
   f - Iskenderun's Mystic Blast      Conjuration                  4
Comestibles
 c - 3 rations


   Skills:
 * Level 2.0 Fighting
 + Level 3.0 Dodging
 + Level 2.9 Stealth
 + Level 4.7 Spellcasting
 + Level 6.5 Conjurations
 + Level 0.2 Hexes


You had 3 spell levels left.
You knew the following spells:

 Your Spells              Type           Power        Failure   Level  Hunger
a - Magic Dart            Conj           ####         1%          1    None
b - Searing Ray           Conj           ####..       1%          2    #......
c - Iskenderun's Mystic   Conj           ####....     8%          4    ####...
d - Fulminant Prism       Conj/Hex       ###.......   26%         4    ####...


Dungeon Overview and Level Annotations

Branches:
Dungeon (6/15)
 Temple: D:4-7

Altars:
Nemelex Xobeh

Annotations:
D:2 Sigmund


Message History

* * * LOW HITPOINT WARNING * * *
Unknown command.
It was a potion of degeneration.
There was something very wrong with that liquid.
You feel weakened.
You feel dopey.
You feel clumsy. The gnoll hits you but does no damage.
The gnoll hits you with a flail.
* * * LOW HITPOINT WARNING * * *
The gnoll hits you with a club.
* * * LOW HITPOINT WARNING * * *
Casting: Magic Dart
Confirm with . or Enter, or press ? or * to list all spells.
Aiming: Searing Ray
Press: ? - help, Shift-Dir - straight line, f - gnoll
Aim: a gnoll, wielding a spear (inner flame)
The searing ray misses the gnoll.
The searing ray hits the gnoll.
The gnoll is moderately wounded. (Press . to maintain the ray.)
The gnoll barely misses you. The gnoll completely misses you.
The gnoll barely misses you. The gnoll hits you with a club.
You die...

.#.. ..... ....
############..# .
#...##..#..#..##..
#.....gg#>........ ..
#....@gg).........
....##...######..#####
....#..####..##..#####
...........#......#...#
.#.........#......#...#
#...#.....#......#...#
...#.#.w...+......#...#
#..#.......#..######..#
#......##..#..######..##...


You could see 4 gnolls.

Vanquished Creatures
  An ice beast (D:5)
  A scorpion (D:2)
  3 wights
  A bullfrog skeleton (D:6)
  2 dart slugs
  2 giant cockroaches
  3 goblins
  7 hobgoblins
  A bat (D:1)
  2 frilled lizards
  A kobold (D:2)
  3 rats
27 creatures vanquished.

Vanquished Creatures (others)
  2 fulminant prisms
2 creatures vanquished.

Grand Total: 29 creatures vanquished

Notes
Turn   | Place    | Note
-------+----------+-------------------------------------------
     0 | D:1      | Mirai the Deep Elf Conjurer began the quest for the Orb.
     0 | D:1      | Reached XP level 1. HP: 10/10 MP: 6/6
   177 | D:1      | You fall through a shaft!
   178 | D:2      | Found a faded altar of an unknown god.
   315 | D:1      | Reached XP level 2. HP: 15/15 MP: 2/8
   478 | D:1      | Reached skill level 5 in Conjurations
   823 | D:2      | Learned a level 2 spell: Searing Ray
   841 | D:2      | Found a sparkling altar of Nemelex Xobeh.
   849 | D:2      | Noticed Sigmund
  1085 | D:2      | Noticed a scorpion
  1107 | D:2      | Killed a scorpion
  1107 | D:2      | Reached skill level 1 in Fighting
  1107 | D:2      | Reached XP level 3. HP: 17/20 MP: 0/10
  1107 | D:2      | Reached XP level 4. HP: 22/25 MP: 0/11
  1273 | D:3      | You fall through a shaft for 3 floors!
  1323 | D:6      | Reached skill level 6 in Conjurations
  1323 | D:6      | Reached XP level 5. HP: 28/29 MP: 0/13
  1422 | D:6      | Learned a level 4 spell: Iskenderun's Mystic Blast
  1427 | D:6      | Learned a level 4 spell: Fulminant Prism
  1436 | D:6      | Noticed an ogre
  1444 | D:5      | Entered Level 5 of the Dungeon
  1535 | D:5      | Noticed an ice beast
  1566 | D:5      | Killed an ice beast
  1566 | D:5      | Reached XP level 6. HP: 33/35 MP: 0/15
  1580 | D:5      | HP: 1/35 [gnoll/club (2)]
  1581 | D:5      | Slain by a gnoll

Skill      XL: |  1  2  3  4  5 |
---------------+----------------+-----
Conjurations   | 5 6 |  6.5
Fighting       | 1 2 |  2.0
Spellcasting   | 4 |  4.7
Dodging        | 3 |  3.0
Stealth        | |  2.9
Hexes          | |  0.2

Action                   |  1- 3 |  4- 6 || total
-------------------------+-------+-------++-------
Melee: Dagger            |    11 |       ||    11
       Short sword       |     1 |       ||     1
 Cast: Magic Dart        |    46 |    19 ||    65
       Searing Ray       |     1 |     3 ||     4
       Fulminant Prism   |       |     2 ||     2
       Iskenderun's Myst |       |     1 ||     1
  Use: Potion            |     2 |     2 ||     4
       Scroll            |       |     4 ||     4
  Eat: Chunk             |       |     1 ||     1
       Ration            |       |     1 ||     1
Armor: Robe              |     3 |     4 ||     7
Dodge: Dodged            |    18 |    12 ||    30
